 Dungeon Crawl Stone Soup version 0.30-a0-585-g93115170b9 (webtiles) character file.

Game seed: 14780232789512162634

84 Bnni the Vexing (level 4, -3/29 (33) HPs)
             Began as a Formicid Hexslinger on Jan 2, 2023.
             Slain by an ice beast (11 damage)
             ... on level 3 of the Dungeon.
             The game lasted 00:03:02 (2532 turns).

Bnni the Vexing (Formicid Hexslinger)               Turns: 2532, Time: 00:03:03

HP:   -3/29 (33)    AC:  3    Str: 15    XL:     4   Next: 74%
MP:   0/2           EV: 12    Int: 14    God:
Gold: 109           SH:  0    Dex: 14    Spells: 2/6 levels left

rFire   + . .      SeeInvis +    s - +8 sling "Dosuirch" {antimagic, rF+}
rCold   . . .      Faith    .    (no shield)
rNeg    . . .      Spirit   .    c - +0 robe
rPois   .          Reflect  .    (helmet unavailable)
rElec   .          Harm     .    (no cloak)
rCorr   .          Rampage  .    i - +0 pair of gloves
Will    .....                    (no boots)
Stlth   +                        r - amulet of the acrobat
HPRegen 0.24/turn                (no ring)
MPRegen 0.08/turn                (no ring)

@: heavily drained
A: permanent stasis, dig shafts and tunnels, antennae 3, four strong arms
a: Dig, Shaft Self


You were on level 3 of the Dungeon.
You visited 1 branch of the dungeon, and saw 3 of its levels.

You collected 109 gold pieces.

Inventory:

Hand Weapons
 s - the +8 sling "Dosuirch" (weapon) {antimagic, rF+}
   (You found it on level 3 of the Dungeon)

   It reduces the magical energy of the wielder, and disrupts the spells and
   magical abilities of those it strikes.
   Natural abilities and divine invocations are not affected.
   rF:        It protects you from fire.
Missiles
 n - 6 poisoned darts
Armour
 c - a +0 robe (worn)
 i - a +0 pair of gloves (worn)
Jewellery
 r - an amulet of the acrobat (around neck)
Wands
 j - a wand of flame (11)
Scrolls
 a - a scroll of fog {unknown}
 b - a scroll of poison
 d - 4 scrolls of identify {unknown}
 e - 2 scrolls of torment {unknown}
 f - 2 scrolls of summoning {unknown}
 g - a scroll of blinking {unknown}
 m - a scroll of vulnerability {unknown}
 p - 2 scrolls of teleportation {unknown}
 q - a scroll of fear {unknown}
Potions
 h - a potion of haste {unknown}
 k - a potion of curing {unknown}
 l - a potion of attraction {unknown}
 o - a potion of brilliance {unknown}


   Skills:
 + Level 1.8 Fighting
 * Level 3.0 Ranged Weapons
 - Level 1.7 Dodging
 + Level 1.7 Spellcasting
 * Level 4.5 Hexes
 + Level 1.0 Fire Magic


You had 2 spell levels left.
You knew the following spells:

 Your Spells              Type           Power      Damage    Failure   Level
a - Slow                  Hex            52%        N/A       3%          1
b - Inner Flame           Hex/Fire       9%         N/A       24%         3

Your spell library contained the following spells:

 Spells                   Type           Power      Damage    Failure   Level
 Sting                    Tmut/Pois      4%         1d3       24%         1
 Poisonous Vapours        Pois/Air       2%         N/A       36%         2
 Confusing Touch          Hex            13%        N/A       12%         3
 Portal Projectile        Hex/Tloc       14%        N/A       28%         3
 Cause Fear               Hex            6%         N/A       36%         4
 Vampiric Draining        Necr           1%         2d6       58%         3
 Olgreb's Toxic Radiance  Pois           1%         N/A       94%         4


Dungeon Overview and Level Annotations

Branches:
Dungeon (3/15)

Altars:
Xom


Innate Abilities, Weirdness & Mutations

You cannot be hasted, slowed, berserked, paralysed or teleported.
You can dig through walls and to a lower floor.
You have a pair of large antennae on your head. (SInv)
Your four strong arms can wield two-handed weapons with a shield.


Message History

Press: ? - help, Shift-Dir - straight line, f/p - ice beast
Aim: an ice beast (heavily wounded, 66% to hit)
You shoot a sling bullet. The sling bullet hits the ice beast.
The ice beast is severely wounded.
The ice beast hits you but does no damage.
Fire: s) +8 sling "Dosuirch" {antimagic, rF+}
Press: ? - help, Shift-Dir - straight line, f/p - ice beast
Aim: an ice beast (severely wounded, 66% to hit)
You shoot a sling bullet.
The sling bullet closely misses the ice beast.
The ice beast closely misses you.
Fire: s) +8 sling "Dosuirch" {antimagic, rF+}
Press: ? - help, Shift-Dir - straight line, f/p - ice beast
Aim: an ice beast (heavily wounded, 66% to hit)
You shoot a sling bullet.
The sling bullet barely misses the ice beast.
The ice beast misses you.
Fire: s) +8 sling "Dosuirch" {antimagic, rF+}
Press: ? - help, Shift-Dir - straight line, f/p - ice beast
Aim: an ice beast (heavily wounded, 66% to hit)
You shoot a sling bullet. The sling bullet hits the ice beast.
The ice beast is severely wounded.
The ice beast hits you. The ice beast freezes you!
* * * LOW HITPOINT WARNING * * *
The ice beast barely misses you.
Fire: s) +8 sling "Dosuirch" {antimagic, rF+}
Press: ? - help, Shift-Dir - straight line, f/p - ice beast
Aim: an ice beast (severely wounded, 66% to hit)
You shoot a sling bullet.
The sling bullet closely misses the ice beast.
The ice beast hits you but does no damage.
Fire: s) +8 sling "Dosuirch" {antimagic, rF+}
Press: ? - help, Shift-Dir - straight line, f/p - ice beast
Aim: an ice beast (severely wounded, 66% to hit)
You shoot a sling bullet. The sling bullet hits the ice beast.
The ice beast is almost dead.
The ice beast hits you.
* * * LOW HITPOINT WARNING * * *
The ice beast freezes you!
You die...

#.............# #.#.#
#.............#####.#.#
#...................#.#
#.................###.######
..............##............
#.............##..#.#.######
........#.#'#.##..#.#.# ####
#.####.#.#.#.....#.#.# #...
#.# #.#.#@#..##.#.#.# #...
#.# #.#.#.Y..##.#.#.# #...
#.####.#.#.(.###.#.#.###...
#........#.>...............
#........#.#.......#.......
#........#.#####.#######...
#........#.# #...........
#........#.# #########...
#........# .........#


You could see an ice beast.

Vanquished Creatures
  2 adders (D:3)
  A worm (D:3)
  8 orcs (D:3)
  2 ball pythons
  4 endoplasms
  3 giant cockroaches
  4 hobgoblins
  2 jackals (D:3)
  4 kobolds
  6 quokkas
  3 bats
  2 frilled lizards
  3 goblins
  8 rats
52 creatures vanquished.

Notes
Turn   | Place    | Note
-------+----------+-------------------------------------------
     0 | D:1      | Bnni the Formicid Hexslinger began the quest for the Orb.
     0 | D:1      | Reached XP level 1. HP: 15/15 MP: 2/2
   234 | D:1      | Reached XP level 2. HP: 18/21 MP: 3/3
   598 | D:1      | Reached skill level 4 in Hexes
   633 | D:1      | Reached XP level 3. HP: 26/26 MP: 5/5
   637 | D:1      | Learned a level 3 spell: Inner Flame
  1291 | D:2      | Found a faded altar of an unknown god.
  1763 | D:3      | Reached XP level 4. HP: 18/32 MP: 6/6
  1946 | D:3      | Reached skill level 1 in Fire Magic
  2043 | D:3      | Found a shimmering altar of Xom.
  2164 | D:3      | Identified the +8 sling "Dosuirch" {antimagic, rF+}
  2518 | D:3      | Noticed an ice beast
  2532 | D:3      | Slain by an ice beast

Illustrated notes

Levels and vault maps discovered:
D:1:      reono_arrival_forest_river, layout_basic
D:2:      layout_basic, ebering_ecumenical_altar_hall
D:3:      layout_basic, mainiacjoe_overflow_six_doors_small,
          kennysheep_generic_room_9

Skill      XL: |  1  2  3  4 |
---------------+-------------+-----
Hexes          | 4 |  4.5
Fire Magic     | 1 |  1.0
Ranged Weapons | 3 |  3.0
Fighting       | |  1.8
Dodging        | |  1.7
Spellcasting   | |  1.7

Action                   |  1- 3 |  4- 6 || total
-------------------------+-------+-------++-------
 Fire: Sling             |   144 |    75 ||   219
 Cast: Slow              |       |     8 ||     8
       Inner Flame       |       |     1 ||     1
 Abil: Dig               |       |     2 ||     2
Armor: Robe              |    17 |    15 ||    32
Dodge: Dodged            |    36 |    41 ||    77

Table legend: (Time is in decaauts)
 A = Elapsed time spent in this place.
 B = Non-inter-level travel time spent in this place.
 C = Inter-level travel time spent in this place.
 D = Time resting spent in this place.
 E = Time spent auto-exploring this place.
 F = Levels seen in this place.
 G = Mean time per level.
                   A        B        C        D        E       F      G
               +--------+--------+--------+--------+--------+-----+--------+
         Total |   2596 |   2530 |     66 |    116 |   1876 |   3 |  865.3 |
       Dungeon |   2596 |   2530 |     66 |    116 |   1876 |   3 |  865.3 |
               +--------+--------+--------+--------+--------+-----+--------+

Top non-repeatable levels by time:
     D:1: 986 daAuts
     D:3: 903 daAuts
     D:2: 707 daAuts
